 Dungeon Crawl Stone Soup version 0.27-a0-1184-ge86db4a01e (webtiles) character file.

Game seed: 12027651410714620391

231 Anon1729 the Shooter (level 6, -11/48 HPs)
             Began as a Barachi Hunter on May 18, 2021.
             Mangled by an ogre
             ... wielding a +0 giant club
              (19 damage)
             ... on level 4 of the Dungeon.
             The game lasted 00:07:56 (5503 turns).

Anon1729 the Shooter (Barachi Hunter)               Turns: 5503, Time: 00:07:57

Health: -11/48     AC:  4    Str: 15    XL:     6   Next: 4%
Magic:  6/6        EV: 12    Int: 12    God:
Gold:   115        SH:  0    Dex: 12    Spells: 5/5 levels left

rFire    . . .     SeeInvis .   a - +1 shortbow
rCold    . . .     Faith    .   (shield currently unavailable)
rNeg     . . .     Spirit   .   c - +0 leather armour
rPois    .         Reflect  .   (no helmet)
rElec    .         Harm     .   (no cloak)
rCorr    .         Rampage  .   p - +0 pair of gloves
Will     .....                  (no boots)
Stlth    ++........             (no amulet)
HPRegen  0.16/turn              (no ring)
MPRegen  0.10/turn              (no ring)

@: unable to hop, attractive, slow
A: amphibious, slowness 1, strong legs 1, +LOS
a: Hop


You were on level 4 of the Dungeon.
You visited 1 branch of the dungeon, and saw 4 of its levels.

You collected 115 gold pieces.

Inventory:

Hand Weapons
 a - a +1 shortbow (weapon)
 b - a +0 short sword
Missiles
 d - 32 arrows (quivered ammo)
 h - 24 poisoned darts
Armour
 c - a +0 leather armour (worn)
 p - a +0 pair of gloves (worn)
Jewellery
 g - a +4 ring of protection
 m - a ring of wizardry
Scrolls
 e - 2 scrolls of blinking {unknown}
 f - a scroll of immolation {unknown}
 i - 3 scrolls of noise {unknown}
 j - 2 scrolls of identify {unknown}
 n - a scroll of acquirement {unknown}
 q - a scroll of amnesia {unknown}
 s - a scroll of teleportation {unknown}
Potions
 l - a potion of magic {unknown}
 o - a potion of flight {unknown}
 r - a potion of brilliance {unknown}
 t - a potion of ambrosia {unknown}


   Skills:
 + Level 4.1 Fighting
 + Level 4.9 Bows
 + Level 3.8 Dodging
 + Level 2.8 Stealth


You had 5 spell levels left.
You didn't know any spells.
Your spell library contained the following spells:

 Spells                   Type           Power      Damage    Failure   Level
 Corona                   Hex            0%         N/A       38%         1
 Ensorcelled Hibernation  Hex/Ice        0%         N/A       52%         2
 Slow                     Hex            0%         N/A       52%         2
 Confusing Touch          Hex            0%         N/A       77%         3
 Dazzling Flash           Conj/Hex       0%         N/A       77%         3
 Inner Flame              Hex/Fire       0%         N/A       77%         3
 Portal Projectile        Hex/Tloc       0%         N/A       77%         3
 Tukima's Dance           Hex            0%         N/A       77%         3
 Cause Fear               Hex            0%         N/A       99%         4
 Leda's Liquefaction      Hex/Erth       0%         N/A       99%         4


Dungeon Overview and Level Annotations

Branches:
Dungeon (4/15)
 Temple: D:4-7

Altars:

Shops:
D:3 :?*!


Innate Abilities, Weirdness & Mutations

You are amphibious.
You cover ground slowly.
You can hop short distances.
You have an extended range of vision and can be seen from far away.


Message History

The arrow hits the ogre but does no damage.
The ogre barely misses you.
Hop to where?
Press: ? - help, Dir - move target, p - ogre Boing!
Fire: 38 arrows
Press: ? - help, Q - select action, (/) - cycle Shift-Dir - straight line, f - ogre
Aim: an ogre, wielding a +0 giant club (77% to hit)
You shoot an arrow. The arrow barely misses the ogre.
Fire: 37 arrows
Press: ? - help, Q - select action, (/) - cycle Shift-Dir - straight line, f/p - ogre
Aim: an ogre, wielding a +0 giant club (77% to hit)
You shoot an arrow. The arrow barely misses the ogre.
Fire: 36 arrows
Press: ? - help, Q - select action, (/) - cycle Shift-Dir - straight line, f/p - ogre
Aim: an ogre, wielding a +0 giant club (77% to hit)
You shoot an arrow. The arrow barely misses the ogre.
It was a potion of attraction.
You feel attractive to monsters. The ogre closely misses you.
Fire: 35 arrows
Press: ? - help, Q - select action, (/) - cycle Shift-Dir - straight line, f/p - ogre
Aim: an ogre, wielding a +0 giant club (77% to hit)
You shoot an arrow. The arrow hits the ogre.
The ogre is lightly wounded.
The ogre closely misses you.
Fire: 34 arrows
Press: ? - help, Q - select action, (/) - cycle Shift-Dir - straight line, f/p - ogre
Aim: an ogre, wielding a +0 giant club (lightly wounded, 77% to hit)
You shoot an arrow. The arrow hits the ogre!
The ogre is moderately wounded.
The ogre hits you with a +0 giant club!!
* * * LOW HITPOINT WARNING * * *
Fire: 33 arrows
Press: ? - help, Q - select action, (/) - cycle Shift-Dir - straight line, f/p - ogre
Aim: an ogre, wielding a +0 giant club (moderately wounded, 77% to hit)
You shoot an arrow. The arrow hits the ogre!
The ogre is severely wounded.
The ogre hits you with a +0 giant club!!
You die...

.......'..#########
.......#..# ...... #.##
..... #.## O... #..# ...
#..# .# .. #..#
.##########(.##############
........(...<..O@.........#
.#.####..#.#############.##
.#.# #....# #.# .#.# ####.#
#.# .#.# #.# #.# .#.# #.#
#.# .#.# #.# #.#
.#.#######.# #.##
...........# #..#


You could see an ogre.

Vanquished Creatures
  Natasha (thrice) (D:2)
  5 adders
  3 gnolls
  A worm (D:2)
  A dart slug (D:2)
  9 ball pythons
  13 bats
  2 bat skeletons (D:2)
  5 endoplasms
  4 giant cockroaches
  7 goblins
  2 hobgoblins
  4 jackals (D:2)
  A quokka (D:1)
  A ball python skeleton (D:2)
  2 frilled lizards
  A jackal skeleton (D:2)
  5 kobolds
  9 rats
78 creatures vanquished.

Vanquished Creatures (others)
  2 withered plants (D:2)
2 creatures vanquished.

Grand Total: 80 creatures vanquished

Notes
Turn   | Place    | Note
-------+----------+-------------------------------------------
     0 | D:1      | Anon1729 the Barachi Hunter began the quest for the Orb.
     0 | D:1      | Reached XP level 1. HP: 17/17 MP: 1/1
   104 | D:1      | Reached skill level 1 in Stealth
   207 | D:1      | Reached XP level 2. HP: 21/23 MP: 2/2
  1096 | D:1      | Reached XP level 3. HP: 26/28 MP: 3/3
  2102 | D:2      | Reached XP level 4. HP: 34/35 MP: 4/4
  2786 | D:2      | Noticed Natasha
  2798 | D:2      | Killed Natasha
  3012 | D:3      | Found Uqiorghial's Assorted Antiques.
  3027 | D:2      | Reached XP level 5. HP: 22/41 MP: 5/5
  3385 | D:2      | Noticed Natasha
  3404 | D:2      | HP: 1/42 [white imp/puff of frost[Natasha] (11)]
  4023 | D:3      | Found Coitai's Magic Scroll Shop.
  4178 | D:3      | Found Hep Xege's Book Emporium.
  4343 | D:3      | Found Xicli's Distillery.
  4817 | D:4      | Noticed a black bear
  4817 | D:4      | Noticed an ogre
  5113 | D:2      | Killed Natasha
  5336 | D:2      | Noticed Natasha
  5346 | D:2      | Killed Natasha
  5347 | D:2      | Reached XP level 6. HP: 31/48 MP: 6/6
  5503 | D:4      | Mangled by an ogre

Illustrated notes

Levels and vault maps discovered:
D:1:      heliophobic_arrival_enchanted_forest, layout_loops_corners
D:2:      layout_basic, serial_undead, serial_undead_f, serial_undead_c,
          serial_undead_a, serial_undead_e, uniq_natasha
D:3:      layout_basic, serial_shops, shop_fountains,
          nicolae_shop_competitors_out_of_business, shop_statue, shop_statue,
          grunt_decor_cap
D:4:      layout_basic, overflow_temple_1_default, minivault_25

Skill      XL: |  1  2  3  4  5 |
---------------+----------------+-----
Stealth        | 1 2 |  2.8
Fighting       | 3 4 |  4.1
Dodging        | 3 |  3.8
Bows           | |  4.9

Action                   |  1- 3 |  4- 6 || total
-------------------------+-------+-------++-------
Melee: Short sword       |   125 |    74 ||   199
 Fire: Shortbow          |    18 |   106 ||   124
 Abil: Hop               |       |     2 ||     2
  Use: Potion            |       |     2 ||     2
 Stab: Sleeping          |     6 |     2 ||     8
Armor: Leather armour    |    50 |    58 ||   108
Dodge: Dodged            |    97 |   106 ||   203

Table legend: (Time is in decaauts)
 A = Elapsed time spent in this place.
 B = Non-inter-level travel time spent in this place.
 C = Inter-level travel time spent in this place.
 D = Time resting spent in this place.
 E = Time spent auto-exploring this place.
 F = Levels seen in this place.
 G = Mean time per level.
                   A        B        C        D        E       F      G
               +--------+--------+--------+--------+--------+-----+--------+
         Total |   6044 |   5785 |    259 |   1384 |   3389 |   4 | 1511.0 |
       Dungeon |   6044 |   5785 |    259 |   1384 |   3389 |   4 | 1511.0 |
               +--------+--------+--------+--------+--------+-----+--------+

Top non-repeatable levels by time:
     D:2: 2173 daAuts
     D:1: 1953 daAuts
     D:3: 1780 daAuts
     D:4: 137 daAuts
